Map: Arctic Dream LE

Players

Borag

  • Race: Protoss Protoss
  • Spawn Location: 5:00

FCA

  • Race: Zerg Zerg
  • League: Diamond
  • Spawn Location: 6:00

Massa - Winner!

  • Race: Terran Terran
  • League: Platinum
  • Spawn Location: 12:00

qqq - Winner!

  • Race: Zerg Zerg
  • Spawn Location: 11:00

VOD

Have the link to the VOD?

Description

Time

  • Played on: Feb. 14, 2021, 7:44 a.m.
  • Length: 6:31
Show
View Real Time Build Order
Export as new Build Order

Borag Protoss 

Build Orders: Double Forge 

Get SALT Encoding   

  12  0:00  Probe (Chrono Boost)  
  13  0:10  Probe (Chrono Boost)  
  14  0:15  Probe (Chrono Boost)  
  15  0:23  Pylon  
  15  0:41  Probe  
  16  0:43  Gateway  
  16  0:48  Gateway  
  16  0:56  Probe  
  17  0:59  Assimilator  
  17  1:05  Pylon  
  17  1:09  Probe (Chrono Boost)  
  19  1:19  Assimilator  
  19  1:20  Probe (Chrono Boost)  
  19  1:25  Probe (Chrono Boost)  
  20  1:35  Cybernetics Core  
  20  1:38  Probe  
  21  1:50  Probe  
  22  2:24  Nexus, Adept  
  22  2:25  Adept  
  22  2:28  Warp Gate (Chrono Boost)  
  26  2:40  Probe  
  27  2:52  Probe  
  27  2:56  Forge  
  27  2:58  Adept  
  30  3:07  Pylon  
  30  3:20  Probe  
  30  3:25  Adept  
  33  3:29  Gateway  
  33  3:35  Gateway  
  33  3:38  Protoss Ground Weapons Level 1 (Chrono Boost)  
  33  3:39  Pylon  
  33  3:58  Probe  
  33  3:59  Probe  
  35  4:02  Pylon  
  35  4:11  Probe x2  
  35  4:16  Zealot x2  
  41  4:23  Twilight Council  
  41  4:29  Pylon  
  41  4:30  Probe x2  
  43  4:39  Forge  
  43  4:43  Probe x2  
  45  4:55  Probe  
  45  4:58  Adept x4  
  44  5:14  Gateway  
  43  5:26  Gateway  
  43  5:27  Gateway  
  43  5:29  Probe x2  
  43  5:35  Gateway  
  45  5:37  Gateway  
  45  5:39  Gateway  
  45  5:40  Stalker x2  
  45  5:41  Probe x2, Stalker x2  
  55  5:48  Assimilator  
  55  5:53  Probe x2, Assimilator  
  55  5:55  Pylon  
  57  5:58  Pylon  
  57  6:05  Probe x2  
  57  6:08  Adept x2  
  57  6:09  Adept x2  
  57  6:17  Sentry  
  51  6:24  Adept x2  
Show
View Real Time Build Order
Export as new Build Order

FCA Zerg 

Build Orders: Hatch First 

Get SALT Encoding   

  12  0:02  Drone  
  13  0:13  Overlord  
  13  0:17  Drone  
  14  0:31  Drone x2  
  16  0:51  Hatchery  
  16  0:53  Drone  
  16  0:56  Drone  
  17  1:00  Drone  
  17  1:03  Extractor  
  17  1:18  Spawning Pool  
  17  1:20  Drone  
  17  1:24  Drone  
  18  1:32  Drone  
  19  1:41  Drone  
  20  2:06  Zergling x6  
  20  2:08  Queen x2  
  23  2:14  Drone  
  28  2:16  Metabolic Boost  
  28  2:22  Overlord  
  28  2:36  Overlord  
  28  2:44  Zergling x8  
  32  2:53  Zergling x2  
  32  2:55  Zergling x2  
  34  3:03  Zergling x2  
  35  3:10  Zergling x2  
  35  3:11  Zergling x2  
  37  3:19  Zergling x2  
  39  3:20  Zergling x8  
  42  3:28  Zergling x4  
  44  3:38  Hatchery, Zergling x2  
  44  3:42  Overlord x2  
  37  4:04  Zergling x6  
  37  4:05  Zergling x2  
  37  4:06  Zergling x2  
  33  4:12  Drone  
  32  4:19  Drone  
  32  4:20  Roach Warren  
  33  4:31  Drone x2  
Show
View Real Time Build Order
Export as new Build Order

Massa Terran - Winner!

Build Orders:  

Get SALT Encoding   

  12  0:00  SCV  
  13  0:12  SCV  
  14  0:17  Supply Depot  
  14  0:25  SCV  
  15  0:38  SCV  
  15  0:40  Barracks  
  16  0:45  Refinery  
  16  0:51  SCV  
  17  1:03  SCV  
  18  1:15  SCV  
  18  1:16  Refinery  
  19  1:27  SCV  
  19  1:30  Barracks Tech Lab  
  20  1:32  Supply Depot  
  20  1:38  Barracks  
  20  1:41  Orbital Command  
  20  1:49  Marine  
  21  2:08  Marauder  
  23  2:09  Stimpack  
  23  2:12  SCV  
  24  2:27  Barracks Reactor  
  24  2:29  Marine  
  25  2:47  Command Center  
  25  2:48  Marauder  
  27  3:02  Supply Depot  
  27  3:03  Marine x2, Supply Depot  
  29  3:06  SCV  
  30  3:14  Factory  
  30  3:21  Marine  
  30  3:23  Marine  
  30  3:24  SCV, Marauder  
  35  3:39  Marine  
  35  3:41  Marine  
  37  3:49  Concussive Shells  
  37  3:51  Marauder  
  39  3:57  Marine  
  39  3:59  Marine  
  41  4:12  Marauder  
  41  4:15  Factory Reactor, Marine  
  41  4:16  Marine  
  45  4:21  Engineering Bay  
  45  4:22  Orbital Command  
  45  4:23  SCV  
  46  4:27  Supply Depot  
  46  4:32  Combat Shield  
  46  4:35  SCV  
  47  4:43  Marauder, Marine x2  
  51  4:49  Starport  
  51  4:51  Supply Depot  
  48  5:22  Marauder, Marine x2  
  48  5:27  Missile Turret  
  48  5:28  Starport Tech Lab  
  52  5:34  SCV  
  52  5:35  Starport, SCV  
  54  5:38  Refinery  
  54  5:39  Refinery, Marine  
  55  5:43  Marauder  
  55  5:47  SCV x2  
  55  5:48  Hellion x2  
  63  5:59  SCV  
Show
View Real Time Build Order
Export as new Build Order

qqq Zerg - Winner!

Build Orders: Hatch First 

Get SALT Encoding   

  12  0:03  Drone  
  13  0:19  Drone  
  13  0:20  Overlord  
  14  0:44  Hatchery  
  14  0:48  Drone  
  14  0:52  Drone  
  14  0:56  Drone  
  16  1:01  Drone  
  17  1:11  Drone  
  18  1:26  Spawning Pool  
  18  1:27  Extractor  
  18  1:32  Drone x2  
  18  1:50  Drone  
  19  2:04  Drone x2  
  21  2:09  Drone x2  
  21  2:14  Queen  
  21  2:15  Queen  
  27  2:19  Overlord  
  27  2:21  Drone  
  28  2:29  Metabolic Boost  
  28  2:33  Overlord  
  28  2:39  Overlord  
  28  2:46  Drone x2  
  28  2:47  Zergling x2  
  31  2:53  Zergling x2  
  32  3:10  Lair  
  32  3:12  Zergling x2  
  33  3:14  Zergling x2  
  33  3:17  Drone  
  35  3:20  Hatchery, Zergling x2  
  35  3:25  Zergling x2  
  35  3:27  Zergling x2  
  37  3:28  Zergling x2  
  37  3:30  Zergling x2  
  37  3:33  Zergling x2  
  40  3:38  Zergling x2  
  40  3:39  Zergling x2  
  40  3:40  Zergling x2  
  43  3:41  Drone  
  43  3:43  Zergling x2  
  46  3:48  Zergling x2  
  46  3:52  Zergling x2  
  42  4:04  Zergling x6  
  42  4:05  Zergling x2  
  41  4:12  Zergling x2  
  41  4:13  Zergling x2  
  41  4:15  Drone  
  41  4:16  Zergling x4  
  46  4:22  Infestation Pit  
  46  4:23  Zergling x2  
  46  4:26  Zergling x2  
  47  4:35  Zergling x4  
  47  4:36  Zergling x2  
  49  4:41  Zergling x6  
  49  4:42  Zergling x2  
  49  4:43  Drone x2  
  49  4:44  Queen  
  57  4:49  Zergling x2  
  57  4:51  Overlord  
  58  4:56  Overlord  
  56  5:11  Zergling x2  
  56  5:12  Infestor  
  58  5:16  Drone x2  
  58  5:17  Drone x6  
  58  5:20  Extractor x2  
  64  5:25  Drone x3  
  66  5:29  Extractor  
  65  5:38  Infestor  
  65  5:40  Drone x4  
  71  5:52  Drone  
  71  5:53  Drone  
  71  6:09  Zergling x4  
  71  6:10  Zergling x2  
  71  6:11  Zergling x2  
  70  6:14  Drone  
  70  6:15  Drone x3  
Tags
 
Add a new tag
Caveats
  • Supply blocks, unpowered buildings, or Contaminate may cause inaccurate times.
  • Supply counts are checked every 10 seconds.